 Dungeon Crawl Stone Soup version 0.30-a0-1112-gfb780f5df6 (webtiles) character file.

Game seed: 7535469503112610706

5285 ytrimaz the Protected (level 10, -11/77 HPs)
             Began as a Minotaur Fighter on Apr 19, 2023.
             Was a Believer of Cheibriados.
             Killed from afar by an electric eel (13 damage)
             ... with a bolt of electricity
             ... on level 9 of the Dungeon.
             The game lasted 00:10:53 (10198 turns).

ytrimaz the Protected (Minotaur Fighter)           Turns: 10198, Time: 00:10:54

Health: -11/77     AC:  9    Str: 33    XL:     10   Next: 37%
Magic:  9/9        EV: 10    Int:  9    God:    Cheibriados [**....]
Gold:   489        SH:  5    Dex: 16    Spells: 9/9 levels left

rFire   . . .      SeeInvis .    C - +0 halberd
rCold   . . .      Faith    .    (shield currently unavailable)
rNeg    . . .      Spirit   .    b - +0 scale mail
rPois   .          Reflect  +    (helmet restricted)
rElec   .          Rampage  .    (no cloak)
rCorr   +                        (no gloves)
Will    .....                    (no boots)
Stlth   x                          - amulet of reflection
HPRegen 0.32/turn                h - ring of resist corrosion
MPRegen 0.11/turn                A - +6 ring of strength

@: very slow
A: horns 2, retaliatory headbutt
a: Renounce Religion, Bend Time


You were on level 9 of the Dungeon.
You worshipped Cheibriados.
Cheibriados was pleased with you.
You visited 2 branches of the dungeon, and saw 10 of its levels.
You also visited: Sewer.

You collected 489 gold pieces.


Innate Abilities, Weirdness & Mutations

You have a pair of horns on your head.
You reflexively headbutt those who attack you in melee.


   Skills:
 - Level 3.6 Fighting
 + Level 13.1 Polearms
 + Level 13.4 Armour
 - Level 3.6 Shields


You had 9 spell levels left.
You didn't know any spells.
Your spell library contained the following spells:

 Spells                   Type           Power      Damage    Failure   Level
 Apportation              Tloc           0%         N/A       54%         1
 Necrotise                Necr           0%         1d4       54%         1
 Summon Small Mammal      Summ           0%         N/A       54%         1
 Cigotuvi's Dreadful Rot  Necr/Pois/Air  0%         N/A       69%         2
 Poisonous Vapours        Pois/Air       0%         N/A       69%         2
 Scorch                   Fire           0%         2d5       69%         2
 Sublimation of Blood     Necr           0%         N/A       69%         2
 Call Canine Familiar     Summ           0%         N/A       89%         3
 Ignite Poison            Fire/Tmut/Pois 0%         N/A       89%         3
 Mephitic Cloud           Conj/Pois/Air  0%         N/A       89%         3
 Stone Arrow              Conj/Erth      0%         3d7       89%         3
 Summon Guardian Golem    Hex/Summ       0%         N/A       89%         3
 Animate Armour           Summ/Erth      0%         N/A       100%        4
 Dispel Undead            Necr           0%         3d6       100%        4
 Flame Wave               Conj/Fire      0%         2d4       100%        4
 Petrify                  Tmut/Erth      0%         N/A       100%        4
 Sticky Flame             Conj/Fire      0%         2d3       100%        4
 Freezing Cloud           Conj/Ice/Air   0%         6-21      100%        5
 Irradiate                Conj/Tmut      0%         3d11      100%        5
 Death Channel            Necr           0%         N/A       100%        6
 Summon Cactus Giant      Summ           0%         N/A       100%        6
 Borgnjor's Revivificati  Necr           0%         N/A       100%        8
 Ignition                 Fire           0%         3d3       100%        8
 Lehudib's Crystal Spear  Conj/Erth      0%         10d2      100%        8
 Necromutation            Tmut/Necr      0%         N/A       100%        8
 Death's Door             Necr           0%         N/A       100%        9

Inventory:

Hand Weapons
 a - a +0 trident
 C - a +0 halberd (weapon)
   (You took it off a gnoll on level 4 of the Dungeon)
Missiles
 v - 4 throwing nets (quivered)
Armour
 b - a +0 scale mail (worn)
 c - a +0 buckler
Jewellery
 d - a ring of magical power
   (You found it on level 8 of the Dungeon)
 h - a ring of resist corrosion (left hand)
   (You found it on level 3 of the Dungeon)
 n - an amulet of the acrobat
   (You found it in a sewer)
 x - an amulet of reflection (around neck)
   (You found it on level 3 of the Dungeon)
 y - an amulet of magic regeneration
   (You found it on level 4 of the Dungeon)
 A - a +6 ring of strength (right hand)
   (You took it off an orc on level 5 of the Dungeon)
Wands
 s - a wand of flame (13)
   (You took it off a kobold on level 4 of the Dungeon)
 E - a wand of paralysis (5)
   (You found it on level 7 of the Dungeon)
 F - a wand of polymorph (7)
   (You found it on level 8 of the Dungeon)
Scrolls
 j - 4 scrolls of teleportation
 m - a scroll of torment
 p - 2 scrolls of amnesia
 r - 5 scrolls of noise
 t - 2 scrolls of fear
 B - 4 scrolls of blinking
 D - 2 scrolls of summoning
Potions
 e - 2 potions of mutation
 f - 3 potions of brilliance
 g - a potion of haste
 i - 5 potions of flight
 k - a potion of invisibility {unknown}
 l - a potion of heal wounds {unknown}
 o - 2 potions of ambrosia {unknown}
 q - 2 potions of magic
 u - 3 potions of attraction
 w - 5 potions of curing
 z - 3 potions of lignification

Dungeon Overview and Level Annotations

Branches:
Dungeon (9/15) Zot: 40168  Temple (1/1) D:5 Zot: 8536   Sewer (visited)
   Lair: D:8-11         Orc: D:9-12

Altars:
Ashenzari
Cheibriados
Dithmenos
Elyvilon
Fedhas
Gozag
Hepliaklqana
Kikubaaqudgha
Nemelex Xobeh
Qazlal
Ru
Sif Muna
Trog
Uskayaw
Vehumet
Wu Jian
Xom
Yredelemnul
Zin
The Shining One

Annotations:
D:4 3 runed translucent doors, soul19's ghost, amateur DsFi
D:6 2 transporters, BlueFalcon's ghost, novice DsVM

####...####†####.##+####.
...........#..........
......)....#..........
......)))..'..........
...........#..........
...........#..........
...........#..........
##...###...##.##...###
#... #.....@........ ....
..........~..... ..
.....~S.~.~.....
....~~.~.~≈....~
.....≈~~~≈.~~~~.
#....~≈≈≈~~≈≈~..
##~~~≈~≈~≈~~~≈..
.~≈≈~~.~.~.≈≈≈~
.~≈≈≈≈~....~~≈.


You could see an electric eel.


Message History

Cheibriados thoroughly appreciates the change of pace. 😮 HP[+1]
A hound comes into view. 😕 HP[+13]
You regained 13 hp, and now have 66/77 hp.
A hound is nearby!
Unknown command.
A hound is nearby!
A hound is nearby!
Unknown command.
The hound barks! 😕 HP[+1]
The hound bites you but does no damage. The hound attacks as you move away!
You block the hound's attack. The hound bites you but does no damage.
The hound barely misses you. You furiously retaliate!
You headbutt the hound. You barely miss the hound.
Your headbutt misses the hound.
The hound bites you but does no damage. 😕 HP[+1]
You slice the hound!!
You kill the hound!
Cheibriados thoroughly appreciates the change of pace.
No target in view!
You see here a hound corpse.
Unknown command.
Search for what [Enter for "pole", or ? for help]? armor A wolf comes into view. 😕 HP[+8]
You regained 8 hp, and now have 76/77 hp.
Unknown command.
The wolf howls! 😎 HP[+1]
Your hp is fully restored (77).
You reach to attack!
You closely miss the wolf. You closely miss the wolf.
The wolf bites you but does no damage. x2
You impale the wolf!!
You kill the wolf!
Cheibriados thoroughly appreciates the change of pace.
Unknown command.
No target in view!
You open the door.
There is an open door here.
The electric eel shoots out a bolt of lightning at you!
The bolt of electricity hits you! 😕 HP[-9]
You take 9 damage, and now have 68/77 hp. 😕 HP[+1]
The electric eel shoots out a bolt of lightning at you!
The bolt of electricity misses you.
The electric eel shoots out a bolt of lightning at you!
The bolt of electricity hits you. The bolt of electricity misses you.
The electric eel shoots out a bolt of lightning at you!
The bolt of electricity hits you! x2 😮 HP[-28]
You take 28 damage, and now have 41/77 hp.
MASSIVE DAMAGE!! (PAUSE) Reach: C) +0 halberd
Press: ? - help, Dir - move target, f - electric eel
Aim: an electric eel (about 56% to evade your +0 halberd)
You reach to attack!
You closely miss the electric eel.
The electric eel shoots out a bolt of lightning at you!
The bolt of electricity hits you!
* * * LOW HITPOINT WARNING * * *
The bolt of electricity hits you!
* * * LOW HITPOINT WARNING * * *
😨 HP[-15]
You take 15 damage, and now have 26/77 hp.
Reach: C) +0 halberd
Press: ? - help, Dir - move target, f/p - electric eel
Aim: an electric eel (about 56% to evade your +0 halberd)
You reach to attack!
You puncture the electric eel!
Reach: C) +0 halberd
Press: ? - help, Dir - move target, f/p - electric eel
Aim: an electric eel (severely wounded, about 56% to evade your +0 halberd)
You reach to attack!
You hit the electric eel but do no damage.
The electric eel shoots out a bolt of lightning at you!
The bolt of electricity hits you!
* * * LOW HITPOINT WARNING * * *
The bolt of electricity hits you!
* * * LOW HITPOINT WARNING * * *
😱 HP[-25]
You take 25 damage, and now have 1/77 hp.
MASSIVE DAMAGE!! (PAUSE) Reach: C) +0 halberd
Press: ? - help, Dir - move target, f/p - electric eel
Aim: an electric eel (severely wounded, about 56% to evade your +0 halberd)
You reach to attack!
You barely miss the electric eel.
Unknown command.
Reach: C) +0 halberd
Press: ? - help, Dir - move target, f/p - electric eel
Aim: an electric eel (severely wounded, about 56% to evade your +0 halberd)
You reach to attack!
You closely miss the electric eel.
Unknown command.
You feel better.
The electric eel shoots out a bolt of lightning at you!
The bolt of electricity hits you!
* * * LOW HITPOINT WARNING * * *
The bolt of electricity hits you!
You die...

Skill      XL: |  1  2  3  4  5  6  7  8  9 10 |
---------------+-------------------------------+-----
Armour         | 4 5 6 7 8 10 12 13 | 13.4
Polearms       | 3 4 5 6 8 10 12 13 | 13.1
Fighting       | |  3.6
Shields        | |  3.6

Action                     |  1- 3 |  4- 6 |  7- 9 | 10-12 || total
---------------------------+-------+-------+-------+-------++-------
  Melee: Trident           |    58 |   247 |    76 |       ||   381
         Headbutt          |    10 |    23 |    43 |    10 ||    86
         Halberd           |       |       |   205 |    94 ||   299
  Evoke: Wand              |       |       |     2 |       ||     2
    Use: Scroll            |     1 |    16 |     7 |     1 ||    25
         Potion            |       |       |     3 |     1 ||     4
 Armour: Scale mail        |    30 |    85 |    86 |    50 ||   251
  Dodge: Dodged            |    27 |    86 |    88 |    61 ||   262
  Block: Buckler           |    12 |    50 |    25 |       ||    87
         Reflection        |       |     1 |     3 |       ||     4
         Other             |       |       |    45 |    30 ||    75

Levels and vault maps discovered:
D:1:      lightli_molten_gateway, layout_loops_corners,
          shapermc_ecumenical_altar_acropolis
D:2:      layout_loops_ring
D:3:      layout_basic, portal_sewer_entry_b, solitary_fountain,
          minmay_starry_boxes
D:4:      layout_rooms, kennysheep_little_box, elyvilon_altar_4,
          gammafunk_ghost_icy
D:5:      layout_rooms, minmay_temple_entry_hall, lexackson_kobold_supper
D:6:      layout_basic, trog_wizard, tso_altar, gammafunk_ghost_abyssal_escape,
          serial_demonic, serial_demonic_a, serial_demonic_d, serial_demonic_a,
          serial_demonic_g, serial_demonic_g, minmay_increasing_density
D:7:      layout_loops_ring, mainiacjoe_overflow_alcove_2,
          mainiacjoe_overflow_cross_hatched,
          mainiacjoe_overflow_six_doors_small, mainiacjoe_overflow_alcove_1,
          slow_altar_1
D:8:      layout_layer_cave, uniq_psyche, uniq_amaemon
D:9:      layout_gridville, lemuel_doored_altar, erik_lair_island, serial_shops,
          shop, minmay_diamond_spiral
Temple:   chequers_temple_sunken

Notes
Turn   | Place    | Note
-------+----------+-------------------------------------------
     0 | D:1      | ytrimaz the Minotaur Fighter began the quest for the Orb.
     0 | D:1      | Reached XP level 1. HP: 19/19 MP: 0/0
     0 | D:1      | magus.rc [v1.9.6]
   411 | D:1      | Found a faded altar of an unknown god.
   490 | D:1      | Reached skill level 4 in Armour
   490 | D:1      | Reached XP level 2. HP: 25/26 MP: 1/1
   491 | D:1      | Reached skill level 3 in Polearms
   940 | D:2      | Reached XP level 3. HP: 11/31 MP: 2/2
   954 | D:2      | HP: 7/31 [gnoll/+0 spear (6)]
   970 | D:2      | Reached skill level 4 in Polearms
  1075 | D:2      | You pick up a book of Armaments and begin reading...
  1075 | D:2      | You add the spells Stone Arrow, Animate Armour and
                  | Lehudib's Crystal Spear to your library.
  1196 | D:2      | Reached XP level 4. HP: 39/39 MP: 3/3
  1213 | D:2      | Reached skill level 5 in Armour
  1240 | D:2      | You add the spells Ignite Poison, Sticky Flame and Ignition
                  | to your library.
  1360 | D:2      | You pick up a book of Vapours and begin reading...
  1360 | D:2      | You add the spells Poisonous Vapours, Mephitic Cloud and
                  | Freezing Cloud to your library.
  1795 | D:3      | Noticed a scorpion
  1803 | D:2      | Killed a scorpion
  1804 | D:2      | Reached skill level 5 in Polearms
  1804 | D:2      | Reached XP level 5. HP: 44/45 MP: 4/4
  1824 | D:3      | You add the spells Borgnjor's Revivification, Necromutation
                  | and Death's Door to your library.
  1996 | D:3      | Found a glowing drain.
  2007 | Sewer    | Entered a sewer
  2024 | Sewer    | Reached skill level 6 in Armour
  2185 | Sewer    | Identified the +3 rapier of Potuweil {venom, rPois}
  2306 | Sewer    | Reached XP level 6. HP: 49/51 MP: 5/5
  2909 | D:3      | You pick up a book of Callings and begin reading...
  2909 | D:3      | You add the spells Summon Small Mammal, Call Canine
                  | Familiar and Summon Guardian Golem to your library.
  3091 | D:3      | You pick up a book of Alchemy and begin reading...
  3091 | D:3      | You add the spells Sublimation of Blood, Petrify and
                  | Irradiate to your library.
  3570 | D:4      | Reached skill level 6 in Polearms
  3588 | D:4      | Reached skill level 7 in Armour
  3720 | D:4      | Found a white marble altar of Elyvilon.
  3895 | D:4      | Reached XP level 7. HP: 48/57 MP: 6/6
  3944 | D:4      | Found a shimmering altar of Xom.
  3989 | D:4      | Found a runed translucent gate.
  3989 | D:4      | Found a runed translucent gate.
  3989 | D:4      | Found a runed translucent gate.
  4017 | D:4      | Reached skill level 7 in Polearms
  4082 | D:4      | Noticed soul19's ghost (amateur DsFi)
  4535 | D:5      | Entered Level 5 of the Dungeon
  4575 | D:5      | Reached skill level 8 in Armour
  4951 | D:5      | Found a staircase to the Ecumenical Temple.
  4970 | D:5      | HP: 14/57 [ogre/+0 giant club (27)]
  4976 | D:5      | Reached skill level 8 in Polearms
  4979 | Temple   | Entered the Ecumenical Temple
  5289 | D:5      | Reached XP level 8. HP: 37/64 MP: 7/7
  5641 | D:5      | Reached skill level 9 in Armour
  6014 | D:6      | Reached skill level 9 in Polearms
  6100 | D:6      | HP: 16/64 [poisoned by a water moccasin]
  6322 | D:6      | Reached skill level 10 in Armour
  6563 | D:6      | Found a glowing golden altar of the Shining One.
  6645 | D:6      | Found a transporter.
  6679 | D:6      | Reached skill level 10 in Polearms
  6767 | D:6      | Noticed a brown ugly thing
  6784 | D:6      | Killed a brown ugly thing
  6785 | D:6      | Reached XP level 9. HP: 21/70 MP: 8/8
  7034 | D:6      | Found a bloodstained altar of Trog.
  7036 | D:6      | Noticed a wizard
  7041 | D:6      | Killed a wizard
  7066 | D:6      | Noticed a smoke demon
  7076 | D:6      | Found a transporter.
  7083 | D:6      | Noticed BlueFalcon's ghost (novice DsVM)
  7514 | D:7      | Reached skill level 11 in Armour
  7529 | D:7      | Found a radiant altar of Vehumet.
  7530 | D:7      | Found a snail-covered altar of Cheibriados.
  7545 | D:7      | Became a worshipper of Cheibriados the Contemplative
  7826 | D:7      | Found an ancient bone altar of Kikubaaqudgha.
  7952 | D:7      | Reached skill level 11 in Polearms
  7973 | D:7      | Found a hide-covered altar of Uskayaw.
  8155 | D:7      | Found an opulent altar of Gozag.
  8165 | D:7      | You pick up a book of Scorching and begin reading...
  8165 | D:7      | You add the spells Scorch, Flame Wave and Summon Cactus
                  | Giant to your library.
  8325 | D:8      | Noticed Psyche
  8329 | D:8      | Killed Psyche
  8339 | D:8      | You pick up a book of Cantrips and begin reading...
  8339 | D:8      | You add the spells Necrotise and Apportation to your
                  | library.
  8567 | D:8      | Identified the +4 hand axe "Suluczua" {freeze, rCorr Int-4
                  | Dex+2}
  8578 | D:8      | Noticed an orange demon
  8579 | D:8      | Noticed Amaemon
  8584 | D:8      | Killed an orange demon
  8585 | D:8      | Reached skill level 12 in Armour
  8593 | D:8      | Killed Amaemon
  8594 | D:8      | Reached skill level 12 in Polearms
  8830 | D:8      | Reached XP level 10. HP: 77/77 MP: 9/9
  8860 | D:8      | Reached * piety under Cheibriados
  9122 | D:8      | Reached skill level 13 in Armour
  9811 | D:8      | You pick up a book of Decay and begin reading...
  9811 | D:8      | You add the spells Cigotuvi's Dreadful Rot, Dispel Undead
                  | and Death Channel to your library.
  9909 | D:8      | magus.rc [v1.9.6]
 10034 | D:9      | Reached ** piety under Cheibriados
 10067 | D:9      | Reached skill level 13 in Polearms
 10195 | D:9      | HP: 13/77 [electric eel/bolt of electricity (14)]
 10195 | D:9      | HP: 1/77 [electric eel/bolt of electricity (12)]
 10198 | D:9      | Killed from afar by an electric eel

Vanquished Creatures
  Amaemon (D:8)
  An ugly thing (D:6)
  An orange demon (D:8)
  Psyche (D:8)
  3 wyverns
  A wraith (D:9)
  A steam dragon (D:8)
  2 water moccasins
  A sky beast (D:6)
  3 ogres
  A black bear (D:8)
  2 wolves (D:9)
  2 phantoms
  2 centaurs
  2 kobold brigands
  A bullfrog (D:8)
  4 scorpions
  2 gnoll sergeants
  5 killer bees (D:8)
  4 howler monkeys
  8 hounds
  3 jellies
  4 orc priests
  7 orc wizards
  10 gnolls
  5 river rats
  15 adders
  A shadow imp (D:6)
  6 white imps
  3 ufetubi (D:6)
  5 worms
  A dart slug (D:3)
  22 orcs
  7 endoplasms
  3 giant cockroaches
  3 goblins
  4 hobgoblins
  3 jackals (D:4)
  19 kobolds
  2 quokkas (D:2)
  13 ball pythons
  6 bats
  13 frilled lizards
  16 rats
219 creatures vanquished.

Vanquished Creatures (others)
  A wizard (D:6)
  4 demonic plants (D:6)
  10 plants (D:5)
15 creatures vanquished.

Grand Total: 234 creatures vanquished

Table legend:
 A = Non-vault XP
 B = Vault XP
 C = Vault XP percentage of total XP
 D = Non-vault monster count
 E = Vault monster count
 F = Vault count percentage of total count
                 A         B        C        D         E       F
            +---------+---------+-------+---------+---------+-------
      Total |    4836 |    2715 |  36.0 |     149 |      70 |  32.0
            +---------+---------+-------+---------+---------+-------
        D:1 |      18 |       0 |   0.0 |      14 |       0 |   0.0
        D:2 |     233 |       0 |   0.0 |      22 |       0 |   0.0
        D:3 |      61 |      47 |  43.5 |      20 |      12 |  37.5
        D:4 |     499 |       0 |   0.0 |      27 |       0 |   0.0
        D:5 |     633 |     112 |  15.0 |      17 |       8 |  32.0
        D:6 |     960 |     556 |  36.7 |       8 |      15 |  65.2
        D:7 |     624 |       5 |   0.8 |      10 |       1 |   9.1
        D:8 |    1451 |    1474 |  50.4 |      18 |       3 |  14.3
        D:9 |     357 |     398 |  52.7 |      13 |       6 |  31.6
      Sewer |       0 |     123 | 100.0 |       0 |      25 | 100.0
            +---------+---------+-------+---------+---------+-------

Illustrated notes

Table legend:
 A = Kills in this place as a percentage of kills in the entire game.
 B = Kills by you in this place as a percentage of kills by you in the entire game.
 C = Kills by friends in this place as a percentage of kills by friends in the entire game.
 D = Other kills in this place as a percentage of other kills in the entire game.
 E = Experience gained in this place as a percentage of experience gained in the entire game.
 F = Experience gained in this place divided by the number of levels of this place that you have seen.
                   A       B       C       D       E      F
               +-------+-------+-------+-------+-------+----------------------
         Total | 100.0 | 100.0 |   N/A |   N/A | 100.0 | 686.5
       Dungeon |  88.6 |  88.6 |   N/A |   N/A |  98.4 | 825.3
         Sewer |  11.4 |  11.4 |   N/A |   N/A |   1.6 | 123.0
               +-------+-------+-------+-------+-------+----------------------

Table legend: (Time is in decaauts)
 A = Elapsed time spent in this place.
 B = Non-inter-level travel time spent in this place.
 C = Inter-level travel time spent in this place.
 D = Time resting spent in this place.
 E = Time spent auto-exploring this place.
 F = Levels seen in this place.
 G = Mean time per level.
                   A        B        C        D        E       F      G
               +--------+--------+--------+--------+--------+-----+--------+
         Total |  10818 |  10583 |    235 |    723 |   8208 |  11 |  983.5 |
       Dungeon |   9774 |   9539 |    235 |    300 |   7848 |   9 | 1086.0 |
        Temple |    309 |    309 |      0 |    240 |      0 |   1 |  309.0 |
         Sewer |    735 |    735 |      0 |    183 |    360 |   1 |  735.0 |
               +--------+--------+--------+--------+--------+-----+--------+

Top non-repeatable levels by time:
     D:8: 1910 daAuts
     D:6: 1626 daAuts
     D:3: 1057 daAuts
     D:5: 1014 daAuts
     D:4: 1012 daAuts
     D:7: 996 daAuts
     D:2: 934 daAuts
     D:1: 890 daAuts
   Sewer: 735 daAuts
     D:9: 330 daAuts
  Temple: 309 daAuts
